 Dungeon Crawl Stone Soup version 0.25-a0-79-g1d1f32e58f (webtiles) character file.

Game seed: 10130867848925970177, levelgen mode: deterministic

2298 sazatina the Carver (level 9, -1/46 HPs)
             Began as a Vine Stalker Fighter on Nov 6, 2019.
             Slain by a two-headed ogre
             ... wielding a +0 giant club
              (7 damage)
             ... on level 7 of the Dungeon.
             The game lasted 00:07:40 (6347 turns).

sazatina the Carver (Vine Stalker Fighter)          Turns: 6347, Time: 00:07:41

Health: -1/46      AC:  9    Str: 20    XL:     9   Next: 40%
Magic:  0/10       EV:  9    Int:  8    God:
Gold:   272        SH:  5    Dex: 16    Spells: 8/8 levels left

rFire    . . .     SeeInvis .   b - +2 dagger (venom)
rCold    . . .     Gourm    .   s - +0 buckler
rNeg     . . .     Faith    .   g - +0 scale mail
rPois    .         Spirit   +   p - +0 helmet
rElec    .         Reflect  .   F - +0 cloak
rCorr    .         Harm     .   h - +0 pair of gloves
MR       +....                  (no boots)
Stlth    ..........             (no amulet)
HPRegen  0.55/turn              (no ring)
MPRegen  0.12/turn              (no ring)

@: lightly drained
A: fangs 3, regeneration 1, magic shield, antimagic bite, no potion heal 3, rot
immunity
a: no special abilities


You were on level 7 of the Dungeon.
You were very hungry.

You visited 1 branch of the dungeon, and saw 7 of its levels.

You collected 272 gold pieces.

Inventory:

Hand Weapons
 a - a +0 long sword
 b - a +2 dagger of venom (weapon)
Armour
 c - a +0 shield
 g - a +0 scale mail (worn)
 h - a +0 pair of gloves (worn)
 p - a +0 helmet (worn)
 s - a +0 buckler (worn)
 F - a +0 cloak (worn)
 I - a +0 pair of boots
Jewellery
 B - an uncursed ring of protection from cold {unknown}
Wands
 G - a wand of paralysis (4)
 J - a wand of random effects (16)
Scrolls
 e - a scroll of random uselessness {unknown}
 i - 9 scrolls of amnesia {unknown}
 k - 2 scrolls of blinking {unknown}
 m - 5 scrolls of teleportation {unknown}
 n - 2 scrolls of fear {unknown}
 o - a scroll of noise {unknown}
 q - 5 scrolls of identify {unknown}
 u - 3 scrolls of remove curse {unknown}
 v - 5 scrolls of enchant weapon {unknown}
 y - 4 scrolls of enchant armour {unknown}
 A - 3 scrolls of immolation {unknown}
 C - a scroll of magic mapping {unknown}
 D - a scroll of fog {unknown}
Potions
 d - 2 potions of might
 j - 2 potions of brilliance {unknown}
 l - a potion of cancellation {unknown}
 r - 2 potions of degeneration {unknown}
 t - a potion of mutation {unknown}
 w - a potion of heal wounds {unknown}
 x - 3 potions of lignification {unknown}
 z - 4 potions of curing
 E - a potion of flight {unknown}
Comestibles
 f - 15 rations


   Skills:
 * Level 4.5(4.3) Fighting
 + Level 10.3(10.1) Long Blades
 - Level 2.4(2.2) Armour
 - Level 4.1(3.9) Shields


You had 8 spell levels left.
You didn't know any spells.
Your spell library contained the following spells:

 Spells                   Type           Power        Failure   Level  Hunger
 Shock                    Conj/Air       #...         77%         1    ##.....
 Swiftness                Chrm/Air       #.......     88%         2    ###....
 Static Discharge         Conj/Air       #.......     98%         3    ####...
 Airstrike                Air            #.........   100%        4    #####..
 Lightning Bolt           Conj/Air       #.........   100%        5    ######.


Dungeon Overview and Level Annotations

Branches:
Dungeon (7/15)             Temple (0/1) D:6

Altars:
Dithmenos
Elyvilon
Fedhas
Okawaru
Ru
Sif Muna
Trog
Uskayaw
Zin

Shops:
D:4 =:=*(


Innate Abilities, Weirdness & Mutations

You have razor-sharp teeth.
Your natural rate of healing is unusually fast.
When hurt, damage is shared between your health and your magic reserves.
Your bite disrupts and absorbs the magic of your enemies.
Potions cannot restore your health.
You are immune to rotting.


Message History

The two-headed ogre is moderately wounded.
The two-headed ogre hits you with a +0 giant club!!
The two-headed ogre hits you with a +0 giant club!
You are too injured to fight recklessly!
You are too injured to fight recklessly!
You see here a whip.
The two-headed ogre looks more healthy.
You hit the two-headed ogre.
The two-headed ogre is poisoned.
You bite the two-headed ogre. You drain its power.
You feel invigorated.
The two-headed ogre is heavily wounded.
The two-headed ogre hits you with a +0 giant club!!
The two-headed ogre hits you with a +0 giant club.
The two-headed ogre looks more healthy.
You hit the two-headed ogre. You bite the two-headed ogre. You drain its power.
You feel invigorated.
The two-headed ogre is severely wounded.
The two-headed ogre hits you with a +0 giant club!!
* * * LOW HITPOINT WARNING * * *
The two-headed ogre hits you with a +0 giant club!
You die...

#.# #........#
#...#.# #K#
#........# #...#.#
#.# #.(......#
#####.# #.###
#........#######.#
#K#.#
#........'.......#
#..K#
#........#########
###.# #........#
#.###########'##
#..KK.K.KO@...#
###############


You could see a two-headed ogre and 4 kobolds.

Vanquished Creatures
  Pikel (D:5)
  Duvessa (D:5)
  An orc warrior (D:6)
  A sky beast (D:3)
  A slave (D:5)
  A phantom (D:4)
  A centaur (D:6)
  2 ice beasts (D:6)
  2 ogres (D:4)
  A big kobold (D:7)
  A bullfrog (D:6)
  Dowan (D:5)
  3 wights (D:7)
  2 hounds (D:6)
  Crazy Yiuf (D:5)
  3 orc priests
  2 jellies
  3 orc wizards
  5 worker ants
  Natasha (twice) (D:4)
  A hound skeleton (D:4)
  Robin (D:2)
  5 adders
  An ooze (D:2)
  5 worms
  4 dart slugs
  4 leopard geckos
  17 orcs
  5 giant cockroaches
  13 hobgoblins
  3 jackals (D:2)
  13 kobolds
  2 quokkas
  A ball python (D:4)
  8 bats
  3 frilled lizards
  14 goblins
  11 rats
146 creatures vanquished.

Vanquished Creatures (others)
  An orc wizard (D:4)
1 creature vanquished.

Grand Total: 147 creatures vanquished

Notes
Turn   | Place    | Note
-------+----------+-------------------------------------------
     0 | D:1      | sazatina the Vine Stalker Fighter began the quest for the
                  | Orb.
     0 | D:1      | Reached XP level 1. HP: 11/11 MP: 2/2
    43 | D:1      | Reached skill level 2 in Long Blades
   460 | D:1      | Reached XP level 2. HP: 16/16 MP: 3/3
   665 | D:1      | Reached skill level 3 in Long Blades
   669 | D:1      | Reached XP level 3. HP: 16/19 MP: 2/4
  1368 | D:2      | Found a shadowy altar of Dithmenos.
  1417 | D:2      | Found a shimmering blue altar of Sif Muna.
  1638 | D:2      | Found a sacrificial altar of Ru.
  1645 | D:2      | Noticed Robin
  1647 | D:2      | Gained mutation: Your natural rate of healing is unusually
                  | fast. [Vine Stalker growth]
  1647 | D:2      | Reached XP level 4. HP: 23/23 MP: 5/5
  1675 | D:2      | Killed Robin
  1675 | D:2      | Reached skill level 4 in Long Blades
  1785 | D:2      | Found a white marble altar of Elyvilon.
  1877 | D:2      | Found a blossoming altar of Fedhas.
  1935 | D:2      | Found a bloodstained altar of Trog.
  1938 | D:2      | Found an iron altar of Okawaru.
  2345 | D:3      | Reached XP level 5. HP: 27/27 MP: 6/6
  2631 | D:3      | Reached XP level 6. HP: 31/32 MP: 7/7
  2671 | D:3      | Noticed a sky beast
  2698 | D:3      | Killed a sky beast
  2698 | D:3      | Reached skill level 5 in Long Blades
  3250 | D:4      | Noticed a phantom
  3293 | D:4      | Killed a phantom
  3293 | D:4      | Reached XP level 7. HP: 24/35 MP: 5/8
  3346 | D:4      | Found Feuceasm's Jewellery Shop.
  3369 | D:4      | Reached skill level 6 in Long Blades
  3467 | D:4      | Found Qofapt's Jewellery Emporium.
  3491 | D:4      | Found Qieherph's Book Shoppe.
  3569 | D:4      | Noticed Natasha
  3580 | D:4      | Killed Natasha
  3777 | D:4      | Reached skill level 7 in Long Blades
  3845 | D:4      | Found Zikum's General Store.
  3941 | D:4      | Found Jebu's Antique Weapon Shop.
  4046 | D:4      | Noticed Natasha
  4052 | D:4      | Killed Natasha
  4174 | D:5      | Entered Level 5 of the Dungeon
  4411 | D:5      | Found a glowing silver altar of Zin.
  4533 | D:5      | Noticed Dowan
  4533 | D:5      | Noticed Duvessa
  4553 | D:5      | Killed Duvessa
  4553 | D:5      | Gained mutation: You have razor-sharp teeth. [Vine Stalker
                  | growth]
  4553 | D:5      | Reached XP level 8. HP: 23/39 MP: 9/9
  4556 | D:5      | Killed Dowan
  4556 | D:5      | Reached skill level 8 in Long Blades
  4604 | D:5      | Noticed Pikel
  4635 | D:5      | Killed Pikel
  4635 | D:5      | Reached skill level 9 in Long Blades
  4749 | D:5      | Found Direff's Armour Boutique.
  4950 | D:5      | Found a runed translucent door.
  4951 | D:5      | Noticed Crazy Yiuf
  4958 | D:5      | Killed Crazy Yiuf
  5275 | D:6      | Reached XP level 9. HP: 43/43 MP: 10/10
  5312 | D:6      | Reached skill level 10 in Long Blades
  5375 | D:6      | Found a staircase to the Ecumenical Temple.
  5531 | D:6      | Found a hide-covered altar of Uskayaw.
  6282 | D:7      | Noticed a two-headed ogre
  6347 | D:7      | Slain by a two-headed ogre

Levels and vault maps discovered:
D:1:      dpeg_arrival_oval, layout_rooms, minmay_misc_feat_secret_circle,
          minmay_pentomino_z2
D:2:      layout_loops_ring, fedhas_altar_4, old_standard_altar,
          old_standard_altar, minitemple, grunt_temple_overflow_open, uniq_robin
D:3:      minmay_general_purpose_star, layout_basic
D:4:      layout_basic, first_ration, serial_shops, shop, shop, shop,
          nicolae_shop_crystal, shop, uniq_natasha
D:5:      layout_gridville, basic_altar, serial_shops, kennysheep_mini_moat,
          uniq_duvessa, uniq_crazy_yiuf_cottage, uniq_pikel
D:6:      layout_loops_ring, kennysheep_mini, minmay_temple_entry_mini_moons
D:7:      layout_basic, grunt_livestock

Skill      XL: |  1  2  3  4  5  6  7  8  9 |
---------------+----------------------------+-----
Long Blades    | 2 3 4 5 7 9 10 | 10.3
Shields        | 3 4 |  4.1
Fighting       | 4 |  4.5
Armour         | |  2.4

Action                   |  1- 3 |  4- 6 |  7- 9 || total
-------------------------+-------+-------+-------++-------
Melee: Dagger            |    93 |   177 |   252 ||   522
       Long sword        |     5 |    18 |     4 ||    27
       Bite              |    17 |    60 |   106 ||   183
  Eat: Chunk             |     2 |     5 |     9 ||    16
Armor: Scale mail        |    39 |    61 |    58 ||   158
Dodge: Dodged            |    29 |    55 |    43 ||   127
Block: Shield            |    45 |    18 |       ||    63
       Buckler           |       |    23 |    47 ||    70
       Rpst.: Long sword |     1 |     3 |     1 ||     5

Table legend:
 A = Non-vault XP
 B = Vault XP
 C = Vault XP percentage of total XP
 D = Non-vault monster count
 E = Vault monster count
 F = Vault count percentage of total count
                 A         B        C        D         E       F
            +---------+---------+-------+---------+---------+-------
      Total |    2276 |    1008 |  30.7 |     129 |      17 |  11.6
            +---------+---------+-------+---------+---------+-------
        D:1 |      55 |       0 |   0.0 |      27 |       0 |   0.0
        D:2 |      49 |      31 |  38.8 |      21 |       9 |  30.0
        D:3 |     360 |       5 |   1.4 |      34 |       3 |   8.1
        D:4 |     624 |      35 |   5.3 |      20 |       1 |   4.8
        D:5 |      13 |     937 |  98.6 |       3 |       4 |  57.1
        D:6 |     826 |       0 |   0.0 |      14 |       0 |   0.0
        D:7 |     349 |       0 |   0.0 |      10 |       0 |   0.0
            +---------+---------+-------+---------+---------+-------
